Map: Blackburn LE

Players

Stephano - Winner!

  • Race: Zerg Zerg

ForJumy

  • Race: Protoss Protoss

Event: DreamHack SC2 Masters 2021 Winter

VOD

Have the link to the VOD?

Description

Time

  • Played on: Oct. 6, 2021, 11:59 a.m.
  • Length: 14:16

All games in this series

Show
View Real Time Build Order
Export as new Build Order

Stephano Zerg - Winner!

Build Orders: Hatch First 

Get SALT Encoding   

  12  0:00  Drone  
  13  0:12  Overlord  
  13  0:16  Drone  
  14  0:30  Drone x2  
  16  0:43  Drone  
  17  0:52  Hatchery  
  17  0:55  Drone  
  17  0:59  Drone  
  18  1:09  Extractor  
  17  1:13  Spawning Pool  
  17  1:17  Drone  
  17  1:20  Drone  
  18  1:28  Drone  
  19  1:39  Drone  
  20  1:50  Drone  
  21  2:01  Zergling x2  
  22  2:03  Queen x2  
  22  2:04  Drone  
  27  2:11  Overlord  
  27  2:15  Drone  
  28  2:25  Metabolic Boost  
  28  2:32  Hatchery  
  28  2:33  Drone  
  28  2:34  Zergling x2  
  29  2:39  Drone  
  29  2:42  Queen  
  32  2:47  Overlord  
  32  2:50  Drone  
  33  2:52  Drone  
  33  2:57  Drone  
  35  3:06  Zergling x4  
  37  3:13  Drone x2  
  37  3:14  Zergling x2  
  37  3:18  Drone  
  41  3:22  Drone x2  
  43  3:30  Queen  
  43  3:31  Evolution Chamber, Overlord  
  43  3:34  Overlord  
  45  3:35  Spore Crawler  
  44  3:42  Overlord  
  44  3:44  Drone x5  
  50  3:53  Overlord  
  50  4:00  Overlord  
  48  4:03  Drone x2, Queen  
  48  4:06  Drone, Spore Crawler  
  52  4:11  Zergling x4  
  52  4:13  Drone x2  
  52  4:15  Drone  
  56  4:18  Spore Crawler  
  56  4:21  Spore Crawler  
  56  4:22  Drone x2  
  56  4:24  Drone  
  56  4:29  Overlord  
  56  4:31  Drone  
  58  4:35  Evolution Chamber  
  58  4:36  Drone x3  
  60  4:40  Drone x2  
  60  4:41  Drone x2  
  60  4:42  Drone  
  65  4:47  Zergling x4  
  65  4:50  Drone x2  
  69  4:53  Drone x2  
  69  4:56  Queen  
  69  4:57  Extractor  
  69  4:58  Extractor  
  71  5:02  Drone  
  71  5:05  Drone  
  73  5:10  Queen  
  73  5:14  Zerg Melee Weapons Level 1  
  75  5:15  Lair  
  75  5:16  Hatchery  
  74  5:24  Drone x3  
  74  5:27  Baneling Nest  
  74  5:28  Drone x3  
  78  5:29  Drone x2  
  78  5:35  Zergling x8  
  84  5:36  Zergling x2  
  84  5:37  Overlord  
  86  5:43  Extractor x2  
  83  5:50  Overlord  
  83  5:55  Drone x5, Roach Warren  
  83  5:56  Drone, Overlord  
  88  5:58  Zergling x4  
  88  6:03  Queen  
  92  6:06  Overlord  
  92  6:11  Overlord  
  91  6:20  Zergling x14  
  91  6:23  Baneling x4  
  91  6:24  Baneling x2  
  98  6:30  Centrifugal Hooks  
  98  6:32  Spire  
  97  6:33  Drone x6  
  103  6:42  Extractor  
  103  6:43  Extractor  
  103  6:45  Drone x3  
  103  6:46  Drone  
  104  6:55  Overlord  
  104  6:57  Drone x3  
  104  6:59  Extractor  
  104  7:01  Overseer  
  105  7:02  Queen  
  107  7:08  Drone x2  
  107  7:09  Drone, Overlord  
  107  7:10  Glial Reconstitution, Zerg Melee Weapons Level 2  
  107  7:12  Roach  
  107  7:13  Roach x2, Overlord  
  116  7:28  Infestation Pit, Roach  
  116  7:29  Roach x9  
  134  7:30  Overlord x2  
  133  7:41  Hatchery  
  132  7:53  Overlord  
  132  7:57  Ravager x4  
  132  7:58  Ravager x2  
  138  8:05  Corruptor x6  
  142  8:07  Zergling x14  
  142  8:10  Hatchery  
  156  8:17  Overseer  
  156  8:25  Corruptor x4  
  162  8:27  Zergling x12  
  162  8:33  Baneling x6  
  168  8:37  Baneling x4  
  168  8:48  Corruptor x2  
  168  8:52  Overlord x3  
  173  8:58  Zergling x6  
  175  9:03  Overlord  
  175  9:04  Overlord  
  172  9:16  Zergling x22  
  184  9:18  Baneling x13  
  168  9:39  Zergling x2  
  168  9:40  Zergling x22  
  168  9:50  Zergling x8  
  158  10:00  Zergling x2  
  158  10:01  Zergling x6  
  158  10:03  Hive  
  158  10:06  Zerg Flyer Weapons Level 1, Zerg Ground Armor Level 1  
  161  10:09  Overseer, Evolution Chamber  
  161  10:10  Overseer  
  161  10:11  Ravager x2  
  161  10:12  Baneling x7  
  161  10:13  Hatchery  
  161  10:14  Drone x2  
  161  10:18  Baneling x10  
  163  10:25  Drone x2  
  163  10:35  Hatchery  
  154  10:43  Zergling x24  
  154  10:44  Zergling x2  
  147  11:14  Zergling x26  
  158  11:21  Drone x2  
  159  11:35  Zergling x26  
  166  11:47  Adrenal Glands  
  166  11:49  Drone x7  
  166  11:50  Drone x2  
  166  11:51  Drone x2  
  166  11:52  Drone  
  178  11:56  Baneling  
  178  11:57  Baneling x17  
  178  11:58  Ravager x3  
  181  12:06  Zergling x2  
  181  12:07  Zergling x20  
  184  12:12  Baneling x16  
  173  12:25  Overlord x3  
  173  12:29  Overlord  
  172  12:30  Overlord  
  172  12:32  Baneling x22  
  167  12:41  Zergling x22  
  167  12:42  Zergling x4  
  158  12:47  Zergling x26  
  164  12:58  Zergling x18  
  153  13:12  Zergling x2  
  153  13:13  Zergling x20  
  160  13:24  Zergling x20  
  156  13:33  Zergling x2  
  156  13:34  Zergling x18  
  155  13:40  Roach x4  
  145  13:49  Zergling x20  
  154  13:59  Zergling x22  
Show
View Real Time Build Order
Export as new Build Order

ForJumy Protoss 

Build Orders: 1 Gate Expand, Oracle Opening 

Get SALT Encoding   

  12  0:00  Probe  
  13  0:12  Probe  
  14  0:18  Pylon  
  14  0:24  Probe  
  15  0:36  Probe (Chrono Boost)  
  15  0:40  Gateway  
  16  0:46  Probe (Chrono Boost)  
  17  0:50  Assimilator  
  17  0:52  Probe (Chrono Boost)  
  18  1:04  Probe  
  19  1:16  Probe  
  20  1:28  Nexus  
  20  1:39  Cybernetics Core  
  20  1:41  Probe  
  21  1:48  Assimilator  
  21  1:53  Probe  
  22  1:58  Pylon  
  22  2:06  Probe  
  23  2:13  Adept (Chrono Boost)  
  23  2:18  Probe  
  26  2:25  Stargate  
  26  2:30  Probe (Chrono Boost)  
  26  2:33  Warp Gate  
  26  2:35  Adept (Chrono Boost)  
  27  2:40  Probe (Chrono Boost)  
  31  2:48  Probe (Chrono Boost)  
  31  2:50  Probe (Chrono Boost)  
  32  2:55  Probe x2 (Chrono Boost)  
  34  3:02  Adept  
  34  3:03  Void Ray (Chrono Boost)  
  36  3:06  Probe  
  36  3:07  Probe  
  42  3:18  Probe  
  42  3:19  Probe  
  44  3:24  Pylon  
  44  3:30  Gateway  
  44  3:34  Probe  
  44  3:37  Probe  
  44  3:39  Oracle (Chrono Boost)  
  46  3:47  Probe  
  50  3:49  Probe  
  51  3:59  Probe  
  51  4:01  Probe  
  52  4:10  Nexus  
  52  4:11  Probe, Pylon  
  52  4:14  Probe  
  54  4:17  Robotics Facility  
  54  4:25  Assimilator  
  54  4:29  Assimilator, Probe x2, Pylon  
  56  4:34  Adept x2  
  60  4:39  Shield Battery  
  60  4:41  Probe x2  
  62  4:53  Probe x2  
  62  4:54  Pylon  
  64  5:05  Probe  
  64  5:06  Probe  
  66  5:13  Robotics Bay, Gateway  
  66  5:16  Gateway  
  66  5:18  Probe x2 (Chrono Boost)  
  68  5:22  Probe (Chrono Boost)  
  68  5:23  Observer  
  72  5:29  Assimilator, Probe x2 (Chrono Boost)  
  72  5:31  Probe (Chrono Boost)  
  72  5:33  Assimilator  
  72  5:34  Probe x2 (Chrono Boost), Pylon  
  74  5:36  Probe (Chrono Boost)  
  76  5:43  Robotics Facility, Probe  
  76  5:44  Probe  
  76  5:48  Probe  
  79  5:56  Probe x2  
  81  5:58  Twilight Council  
  81  5:59  Forge  
  81  6:00  Probe  
  88  6:06  Colossus (Chrono Boost)  
  88  6:08  Probe x2  
  90  6:12  Probe  
  90  6:16  Sentry x2  
  95  6:19  Extended Thermal Lance  
  95  6:20  Probe x2  
  95  6:22  Pylon  
  97  6:30  Probe  
  98  6:33  Gateway  
  98  6:34  Gateway  
  98  6:38  Gateway, Protoss Ground Weapons Level 1  
  98  6:39  Colossus (Chrono Boost), Gateway  
  98  6:41  Pylon  
  98  6:46  Pylon  
  104  6:50  Blink (Chrono Boost)  
  104  6:52  Colossus (Chrono Boost)  
  104  6:57  Pylon  
  104  7:00  Pylon  
  102  7:05  Sentry x2  
  102  7:06  Stalker x2  
  110  7:15  Gateway  
  110  7:18  Pylon  
  110  7:26  Colossus (Chrono Boost)  
  116  7:30  Sentry x3  
  116  7:36  Warp Prism (Chrono Boost)  
  122  7:37  Pylon x2  
  122  7:40  Sentry  
  122  7:41  Sentry  
  128  7:50  Stalker x2  
  128  7:51  Stalker  
  134  7:53  Observer  
  134  8:11  Stalker  
  134  8:12  Stalker x4  
  144  8:18  Disruptor  
  144  8:19  Nexus  
  147  8:22  Pylon  
  147  8:23  Stalker x2  
  151  8:30  Pylon  
  151  8:31  Pylon  
  151  8:41  Photon Cannon  
  151  8:43  Stalker x7  
  165  8:53  Stalker x2  
  169  8:58  Probe  
  169  8:59  Protoss Ground Weapons Level 2  
  170  9:09  Stalker x2  
  174  9:10  Stalker x2  
  177  9:18  Stalker x2  
  177  9:21  Photon Cannon  
  181  9:29  Stalker x3  
  137  9:49  Stalker x6  
  137  9:50  Warp Prism (Chrono Boost)  
  140  9:53  Charge (Chrono Boost)  
  140  9:55  Probe  
  140  9:57  Immortal (Chrono Boost), Probe  
  118  10:08  Shield Battery  
  118  10:09  Probe  
  118  10:10  Zealot  
  118  10:11  Zealot x2  
  118  10:12  Probe  
  126  10:15  Assimilator  
  126  10:16  Zealot x2, Sentry x2  
  134  10:29  Stalker x2  
  134  10:31  Disruptor  
  137  10:38  Disruptor  
  137  10:41  Probe  
  141  10:43  Stalker x3  
  141  10:48  Probe  
  144  10:52  Stalker x3  
  148  10:58  Probe x2  
  148  11:01  Probe x2  
  148  11:03  Assimilator  
  152  11:07  Templar Archives  
  152  11:11  Probe x2  
  152  11:14  Probe x2  
  157  11:18  Immortal  
  157  11:20  Sentry  
  157  11:23  Probe x2  
  161  11:26  Nexus, Probe  
  161  11:30  Probe  
  161  11:31  Stalker x3  
  159  11:42  Probe  
  159  11:43  Probe  
  155  11:50  High Templar x2  
  155  11:51  High Templar x2  
  155  11:52  Zealot x2  
  167  11:56  Photon Cannon, Archon  
  167  11:58  Warp Prism  
  163  12:10  Archon  
  163  12:12  Stalker x3  
  157  12:24  Stalker x4  
  157  12:26  Probe  
  164  12:34  Stalker  
  164  12:35  Stalker x3  
  166  12:43  Stalker  
  144  12:49  Zealot x4  
  150  12:51  Disruptor  
  130  13:06  Nexus  
  130  13:07  High Templar x4  
  132  13:14  Archon  
  132  13:15  Archon  
  132  13:18  Probe  
  132  13:19  Zealot x5  
  137  13:22  Disruptor  
  121  13:29  Disruptor  
  112  13:36  Pylon  
  112  13:40  Stalker x2  
  112  13:41  Zealot x2  
  105  13:48  Zealot x4  
  104  13:57  Zealot  
  103  14:04  Zealot x4  

Tags
 
Add a new tag
Caveats
  • Supply blocks, unpowered buildings, or Contaminate may cause inaccurate times.
  • Supply counts are checked every 10 seconds.